 Dungeon Crawl Stone Soup version 0.28.0 (webtiles) character file.

Game seed: 12848120149760027862

7235 inmateoo the Grappler (level 10, -7/85 HPs)
             Began as a Palentonga Earth Elementalist on Feb 17, 2022.
             Was a Believer of Cheibriados.
             Mangled by a cyclops (11 damage)
             ... on level 12 of the Dungeon.
             The game lasted 00:21:24 (11698 turns).

inmateoo the Grappler (PaEE)                       Turns: 11698, Time: 00:21:24

Health: -7/85      AC: 19    Str: 20    XL:     10   Next: 88%
Magic:  19/19      EV:  9    Int: 23    God:    Cheibriados [**....]
Gold:   490        SH:  0    Dex: 15    Spells: 7/21 levels left

rFire   . . .      SeeInvis +     - Unarmed
rCold   . . .      Faith    .   (no shield)
rNeg    . . .      Spirit   .   j - +1 ring mail of Recklessness {rPois Str+4}
rPois   +          Reflect  .   k - +2 helmet
rElec   .          Harm     .   y - +0 cloak
rCorr   .          Rampage  .   x - +0 pair of gloves
Will    .....                   (no barding)
Stlth   +.........              a - amulet of regeneration
HPRegen 1.04/turn               (no ring)
MPRegen 0.16/turn               (no ring)

@: curled up, very slow
A: large, rugged brown scales 3, see invisible, deformed body, roll 1, armoured
tail, reflexive curl
a: Rolling Charge, Renounce Religion, Bend Time


You were on level 12 of the Dungeon.
You worshipped Cheibriados.
Cheibriados was pleased with you.
You visited 2 branches of the dungeon, and saw 13 of its levels.
You also visited: Ossuary.

You collected 582 gold pieces.
You spent 92 gold pieces at shops.

Inventory:

Missiles
 c - 79 stones
 f - a throwing net
 g - 17 poisoned darts (quivered)
Armour
 j - the +1 ring mail of Recklessness (worn) {rPois Str+4}
   (You found it on level 2 of the Dungeon)

   Str:       It affects your strength (+4).
   rPois:     It protects you from poison.
 k - a +2 helmet (worn)
 x - a +0 pair of gloves (worn)
 y - a +0 cloak (worn)
Jewellery
 a - an amulet of regeneration (around neck)
 n - a ring of fire
 o - an amulet of guardian spirit
Wands
 s - a wand of mindburst (27)
 v - a wand of digging (8)
 w - a wand of charming (4)
 A - a wand of acid (5)
Scrolls
 b - 2 scrolls of enchant armour
 e - 5 scrolls of teleportation
 q - 2 scrolls of fog
 u - a scroll of summoning
 z - a scroll of amnesia
Potions
 d - 2 potions of brilliance
 h - a potion of berserk rage
 i - 2 potions of heal wounds
 m - a potion of ambrosia
 p - a potion of flight
 r - 2 potions of might
 t - 2 potions of curing
 B - a potion of mutation {unknown}


   Skills:
 + Level 7.9 Fighting
 - Level 2.0 Armour
 - Level 2.0 Dodging
 - Level 1.2 Stealth
 * Level 8.7 Unarmed Combat
 - Level 6.0 Spellcasting
 - Level 3.0 Conjurations
 - Level 3.0 Transmutations
 * Level 8.3 Earth Magic
 + Level 1.1 Invocations


You had 7 spell levels left.
You knew the following spells:

 Your Spells              Type           Power      Damage    Failure   Level
a - Sandblast             Erth           90%        2d19      1%          1
b - Passwall              Tmut/Erth      27%        N/A       1%          2
c - Stone Arrow           Conj/Erth      66%        3d11      4%          3
d - Petrify               Tmut/Erth      33%        N/A       14%         4
e - Summon Lightning Spi  Summ/Air       6%         N/A       80%         4

Your spell library contained the following spells:

 Spells                   Type           Power      Damage    Failure   Level
 Sting                    Tmut/Pois      52%        1d5       8%          1
 Poisonous Vapours        Pois/Air       12%        N/A       22%         2
 Portal Projectile        Hex/Tloc       12%        N/A       38%         3
 Blade Hands              Tmut           10%        N/A       75%         5
 Airstrike                Air            3%         N/A       80%         4
 Olgreb's Toxic Radiance  Pois           6%         N/A       80%         4
 Lightning Bolt           Conj/Air       6%         1d18      91%         5
 Excruciating Wounds      Necr           3%         N/A       98%         5


Dungeon Overview and Level Annotations

Branches:
Dungeon (12/15)            Temple (1/1) D:6            Lair (0/6) D:9
Ossuary (visited)
    Orc: D:9-12

Altars:
Ashenzari
Cheibriados
Dithmenos
Elyvilon
Fedhas
Gozag
Hepliaklqana
Kikubaaqudgha
Makhleb
Nemelex Xobeh
Okawaru
Qazlal
Ru
Sif Muna
Trog
Uskayaw
Vehumet
Wu Jian
Xom
Yredelemnul
Zin
Beogh

Shops:
D:2 **?*   D:8 :[*==   D:10 ?

Annotations:
D:6 3 runed translucent doors, nado's ghost, novice MiBe


Innate Abilities, Weirdness & Mutations

You are completely covered in rugged brown scales. (AC +3, +7% HP)
You have supernaturally acute eyesight. (SInv)
Armour fits poorly on your strangely shaped body.
You can roll at nearby foes to attack.
You have a long armoured tail.
You curl defensively after being hit. (AC +7*)


Message History

There is a stone staircase leading down here.
You climb downwards.
There is a stone staircase leading up here.
You open the door.
Found a hand axe and 11 sling bullets.
There is an open door here.
You now have 490 gold pieces (gained 7).
You open the door.
There is an open door here.
You open the door.
A cyclops comes into view.
The cyclops shouts!
You close the door.
You start waiting.
A cyclops opens the door.
The cyclops hits you!!
There is a broken door, spattered with blood here.
You hit the cyclops.
The cyclops is lightly wounded.
You punch the cyclops! You tail-slap the cyclops.
The cyclops is moderately wounded.
The cyclops hits you!
You punch the cyclops!
The cyclops is heavily wounded.
The cyclops barely misses you.
You hit the cyclops.
The cyclops is heavily wounded.
You hit the cyclops.
The cyclops is severely wounded.
The cyclops hits you!!
You punch the cyclops! You punch the cyclops.
The cyclops is almost dead.
You barely miss the cyclops.
The cyclops is almost dead.
The cyclops hits you!!
* * * LOW HITPOINT WARNING * * *
You hit the cyclops.
The cyclops is almost dead.
The cyclops hits you!
You die...

#.....# #..# ###'###
##.# #..# #.# ##.# #.#
#.# #.# ####.## ###+###
###.....### ......#
#.........#####......#
#..#.....#.....@......#
.. #.....#######C.....#
####### ......# ......#
......# ###+###


You could see a cyclops.

Vanquished Creatures
  A two-headed ogre (D:9)
  Maurice (D:8)
  2 kobold demonologists
  A troll (D:11)
  A hornet (D:7)
  2 wraiths
  2 wyverns
  A vampire (D:10)
  6 vampire mosquitoes (D:11)
  An acid dragon (D:11)
  A water moccasin (D:7)
  2 hornet zombies (Ossuary)
  An ice beast (D:5)
  A black bear (D:6)
  An orc warrior (D:11)
  A sky beast (D:6)
  6 centaurs
  An ogre (D:4)
  A kobold brigand (D:8)
  2 bullfrogs
  2 wyvern zombies (Ossuary)
  A gnoll sergeant (D:8)
  A scorpion (D:7)
  A water moccasin zombie (Ossuary)
  4 killer bees (D:11)
  4 wights (D:8)
  2 electric eels (D:10)
  6 bullfrog zombies (Ossuary)
  9 centaur zombies
  A jelly (D:8)
  A centaur skeleton (D:6)
  4 orc priests
  A hound (D:6)
  3 bullfrog skeletons
  4 iguanas
  8 orc wizards
  4 killer bee zombies
  A hound zombie (D:5)
  15 mummies (Ossuary)
  7 howler monkey zombies
  10 gnolls
  7 adders
  2 shadow imps (D:6)
  3 white imps
  2 worms (D:2)
  5 dart slugs
  21 orcs
  6 bats
  13 endoplasms
  6 giant cockroaches
  5 goblins
  6 hobgoblins
  9 jackals
  7 kobolds
  2 quokkas
  4 ball pythons
  5 frilled lizards
  4 rats
231 creatures vanquished.

Vanquished Creatures (collateral kills)
  An orc priest (D:11)
  2 orcs (D:11)
3 creatures vanquished.

Vanquished Creatures (others)
  2 plants (D:6)
  A withered plant (Ossuary)
3 creatures vanquished.

Grand Total: 237 creatures vanquished

Notes
Turn   | Place    | Note
-------+----------+-------------------------------------------
     0 | D:1      | inmateoo the Palentonga Earth Elementalist began the quest
                  | for the Orb.
     0 | D:1      | Reached XP level 1. HP: 13/13 MP: 3/3
   160 | D:1      | Reached skill level 1 in Fighting
   160 | D:1      | Reached skill level 1 in Unarmed Combat
   187 | D:1      | Reached XP level 2. HP: 22/22 MP: 3/5
   485 | D:1      | Reached XP level 3. HP: 22/28 MP: 0/6
   662 | D:1      | Learned a level 2 spell: Passwall
   666 | D:1      | Learned a level 3 spell: Stone Arrow
   856 | D:1      | Found a faded altar of an unknown god.
  1276 | D:2      | Found Duvugh's Assorted Antiques.
  1282 | D:2      | Bought a black potion for 22 gold pieces
  1291 | D:2      | Found Ytriyzogh's Magic Scroll Boutique.
  1350 | D:2      | Found Tuiwoh's General Store.
  1383 | D:2      | Found Zasmas's General Store.
  1508 | D:2      | Reached XP level 4. HP: 35/35 MP: 7/7
  2062 | D:2      | Identified the +1 ring mail of Recklessness {rPois Str+4}
  2192 | D:3      | Found a white marble altar of Elyvilon.
  2363 | D:3      | Found a broken altar of Ashenzari.
  2794 | D:4      | Noticed an ogre
  2865 | D:4      | Reached skill level 1 in Conjurations
  2904 | D:4      | Reached XP level 5. HP: 40/40 MP: 3/8
  3341 | D:4      | Found an ornate altar of the Wu Jian Council.
  3526 | D:4      | Killed an ogre
  3527 | D:4      | Reached XP level 6. HP: 12/49 MP: 6/10
  3591 | D:4      | Found a glowing silver altar of Zin.
  3829 | D:5      | Entered Level 5 of the Dungeon
  3843 | D:5      | Found a sand-covered staircase.
  3861 | Ossuary  | Entered an ossuary
  4057 | Ossuary  | Gained mutation: You curl defensively after being hit. (AC
                  | +7*) [Palentonga growth]
  4057 | Ossuary  | Reached XP level 7. HP: 50/55 MP: 11/11
  4310 | Ossuary  | HP: 1/57 [bullfrog zombie (2)]
  4458 | Ossuary  | Reached XP level 8. HP: 49/65 MP: 13/13
  4602 | Ossuary  | Reached skill level 5 in Unarmed Combat
  4607 | Ossuary  | Reached skill level 5 in Fighting
  4643 | Ossuary  | Reached skill level 5 in Earth Magic
  4779 | D:5      | Found a sparkling altar of Nemelex Xobeh.
  5251 | D:5      | Learned a level 4 spell: Petrify
  6078 | D:6      | Found a runed translucent gate.
  6079 | D:6      | Found a runed translucent gate.
  6079 | D:6      | Noticed nado's ghost (novice MiBe)
  6080 | D:6      | Found a runed translucent gate.
  6264 | D:6      | Found a staircase to the Ecumenical Temple.
  6272 | Temple   | Entered the Ecumenical Temple
  6581 | D:6      | Reached XP level 9. HP: 73/73 MP: 16/16
  6783 | D:6      | Found an iron altar of Okawaru.
  7273 | D:7      | Reached skill level 5 in Spellcasting
  7345 | D:7      | Found a shimmering altar of Xom.
  7782 | D:8      | Found Daecaf's Jewellery Shoppe.
  7874 | D:8      | Reached skill level 1 in Armour
  7923 | D:8      | Found Solaeteg's Jewellery Shoppe.
  7927 | D:8      | Found Utakoc's General Store.
  7942 | D:8      | Bought a scroll of identify for 28 gold pieces
  7942 | D:8      | Bought a scroll of teleportation for 42 gold pieces
  8112 | D:8      | Found Ceuly's Book Shoppe.
  8129 | D:8      | Found Hugof's Antique Armour Boutique.
  8161 | D:8      | Noticed a phantasmal warrior
  8263 | D:8      | Noticed a phantasmal warrior
  8263 | D:8      | Noticed a death knight
  8800 | D:8      | Found a snail-covered altar of Cheibriados.
  8802 | D:8      | Became a worshipper of Cheibriados the Contemplative
  8986 | D:9      | Noticed a death yak
  8986 | D:9      | Noticed Maurice
  8986 | D:9      | Found a staircase to the Lair.
  8987 | D:9      | Noticed a death yak
  9006 | D:8      | Killed Maurice
  9109 | D:9      | Noticed a kobold demonologist
  9304 | D:9      | Noticed a two-headed ogre
  9309 | D:9      | Killed a two-headed ogre
  9310 | D:9      | Reached XP level 10. HP: 42/84 MP: 4/17
  9594 | D:9      | Noticed a death yak
  9609 | D:10     | Entered Level 10 of the Dungeon
  9623 | D:10     | Found a hide-covered altar of Uskayaw.
  9733 | D:10     | Found Delomp's Magic Scroll Emporium.
  9901 | D:10     | Found a hazy altar of Hepliaklqana.
  9915 | D:10     | Found a blossoming altar of Fedhas.
 10092 | D:10     | Reached * piety under Cheibriados
 10296 | D:10     | Found a stormy altar of Qazlal.
 10303 | D:10     | Noticed an ogre mage
 10305 | D:10     | Noticed a two-headed ogre
 10711 | D:11     | Learned a level 4 spell: Summon Lightning Spire
 11131 | D:11     | Reached ** piety under Cheibriados
 11274 | D:11     | Reached skill level 1 in Invocations
 11317 | D:11     | Identified the +7 quarterstaff of Myoghuci {venom, *Corrode
                  | Fly rPois}
 11683 | D:12     | Noticed a cyclops
 11697 | D:12     | HP: 3/85 [cyclops (28)]
 11698 | D:12     | Mangled by a cyclops

Illustrated notes

Levels and vault maps discovered:
D:1:      dpeg_arrival_windows_large_door, layout_basic,
          ebering_ecumenical_altar_abandoned
D:2:      layout_loops_cross, serial_shops, shop, nicolae_shop_statue_plus,
          nicolae_shop_advertising_works [nicolae_subvault_shop_adworks],
          shop_statue
D:3:      layout_loops_cross, lemuel_tele_altar, mainiacjoe_overflow_alcove_1
D:4:      layout_basic, mainiacjoe_overflow_paths,
          mainiacjoe_overflow_tiny_flanked
D:5:      layout_basic, nemelex_diamond_rough_becter,
          nicolae_ossuary_entry_ruins
D:6:      layout_gridville, okawaru_trees_2, minmay_temple_entry_gardened_gates,
          biasface_ghost_orc_armoury, minmay_misc_feat_rows
D:7:      layout_basic, nicolae_overflow_hidden_temple, corexii_leaking_fountain
D:8:      layout_basic, kennysheep_slug_shrine, serial_shops, shop,
          nicolae_shop_statue_plus, nicolae_shop_trees, shop_statue, shop
D:9:      layout_basic, dpeg_lair_monsters, serial_shops, kennysheep_mini_moat,
          uniq_maurice
D:10:     layout_roguey, mainiacjoe_overflow_cross_hatched,
          nicolae_uskayaw_dance_hall, overflow_temple_1_default,
          nicolae_overflow_squiral, serial_shops, nicolae_square_shop
D:11:     layout_loops_corners
D:12:     layout_roguey, erik_orc_1, uniq_rupert
Temple:   compressed_dpeg_triangle_lava_temple

Skill      XL: |  1  2  3  4  5  6  7  8  9 10 |
---------------+-------------------------------+-----
Fighting       | 1 2 3 4 5 7 |  7.9
Unarmed Combat | 1 2 3 4 5 7 8 |  8.7
Earth Magic    | 3 4 5 7 8 |  8.3
Conjurations   | 1 2 3 |  3.0
Dodging        | 2 |  2.0
Transmutations | 2 3 |  3.0
Spellcasting   | 3 4 5 6 |  6.0
Armour         | 2 |  2.0
Invocations    | 1 |  1.1
Stealth        | |  1.2

Action                   |  1- 3 |  4- 6 |  7- 9 | 10-12 || total
-------------------------+-------+-------+-------+-------++-------
Melee: Unarmed           |    72 |   234 |   548 |   123 ||   977
       Tailslap          |     9 |    40 |    86 |    17 ||   152
       Punch             |     1 |     3 |    31 |     5 ||    40
Throw: Dart              |       |     4 |     8 |       ||    12
 Cast: Sandblast         |    27 |    32 |    70 |     1 ||   130
       Stone Arrow       |     5 |     2 |    15 |    28 ||    50
       Passwall          |       |       |     3 |     1 ||     4
       Petrify           |       |       |     1 |     4 ||     5
 Abil: Rolling Charge    |       |       |     1 |       ||     1
Evoke: Wand              |       |       |     3 |     6 ||     9
  Use: Scroll            |     3 |     7 |    14 |     1 ||    25
       Potion            |       |       |     2 |     1 ||     3
 Stab: Petrified         |       |       |    13 |    10 ||    23
Armor: Robe              |    33 |    11 |       |       ||    44
       Ring mail         |       |   105 |   271 |    93 ||   469
       Skin              |       |       |       |    12 ||    12
Dodge: Dodged            |    47 |    97 |   193 |    85 ||   422
